 Dungeon Crawl Stone Soup version 0.23.1-37-gaa34b87b72 (webtiles) character file.

Game seed: 6721897859331721750

171 Revguard the Slasher (level 5, -3/44 HPs)
             Began as a Draconian Gladiator on Mar 28, 2019.
             Was a Follower of Okawaru.
             Slain by an ogre
             ... wielding a +0 giant club
              (21 damage)
             ... on level 4 of the Dungeon.
             The game lasted 00:15:47 (2885 turns).

Revguard the Slasher (Draconian Gladiator)          Turns: 2885, Time: 00:15:48

Health: -3/44      AC:  6    Str: 17    XL:     5   Next: 26%
Magic:  5/6        EV: 13    Int:  9    God:    Okawaru [*.....]
Gold:   270        SH:  0    Dex: 12    Spells: 0/6 levels left

rFire    . . .     SeeInvis .   a - +0 long sword
rCold    . . .     Gourm    .   (no shield)
rNeg     . . .     Faith    .   (armour unavailable)
rPois    .         Spirit   .   b - +0 hat
rElec    .         Reflect  .   f - +0 cloak
rCorr    .         Harm     .   (no gloves)
MR       .....                  (no boots)
Stlth    +.........             (no amulet)
HPRegen  0.14/turn              (no ring)
MPRegen  0.10/turn              (no ring)

@: very slightly contaminated
A: unfitting armour, cold-blooded, AC +5
a: Heroism, Renounce Religion


You were on level 4 of the Dungeon.
You worshipped Okawaru.
Okawaru was aware of your devotion.
You were not hungry.

You visited 1 branch of the dungeon, and saw 4 of its levels.

You collected 270 gold pieces.

Inventory:

Hand Weapons
 a - a +0 long sword (weapon)
Missiles
 c - 3 throwing nets (quivered)
Armour
 b - a +0 hat (worn)
 f - a +0 cloak (worn)
Scrolls
 e - 2 scrolls of enchant armour {unknown}
 g - a scroll of fog {unknown}
 h - 7 scrolls of identify {unknown}
 i - 2 scrolls of remove curse {unknown}
 j - a scroll of amnesia {unknown}
 k - 7 scrolls of teleportation {unknown}
 l - a scroll of immolation {unknown}
 m - a scroll of blinking {unknown}
 n - a scroll of enchant weapon {unknown}
Comestibles
 d - 7 rations


   Skills:
 + Level 2.9 Fighting
 + Level 4.4 Long Blades
 - Level 1.7 Throwing
 + Level 3.6 Dodging
 - Level 0.1 Stealth
 * Level 1.2 Spellcasting
 * Level 1.0 Hexes
 * Level 0.2 Transmutations
 * Level 0.3 Invocations


You couldn't memorise any spells.
You knew the following spells:

 Your Spells              Type           Power        Failure   Level  Hunger
a - Confusing Touch       Hex            #.....       24%         1    ##.....
b - Yara's Violent Unrav  Hex/Tmut       #.........   100%        5    ######.

Your spell library contained the following spells:

 Spells                   Type           Power        Failure   Level  Hunger
 Confuse                  Hex            #.......     58%         3    ####...
 Gell's Gravitas          Tloc           #.........   73%         3    ####...
 Petrify                  Tmut/Erth      #.......     98%         4    #####..
 Metabolic Englaciation   Hex/Ice        #.........   100%        5    ######.


Dungeon Overview and Level Annotations

Branches:
Dungeon (4/15)
 Temple: D:4-7

Altars:
Okawaru

Shops:
D:4 *


Innate Abilities, Weirdness & Mutations

Your plain brown scales are hard. (AC +5)
You cannot fit into any form of body armour.
You are cold-blooded and may be slowed by cold attacks.


Message History

Your hands begin to glow red.
The ogre hits you with a +0 giant club!
You hit the ogre but do no damage.
The ogre appears confused.
The ogre is moderately wounded.
The ogre closely misses you.
You hit the ogre.
The ogre is heavily wounded.
You hit the ogre.
The ogre is severely wounded.
The ogre cries.
The ogre hits you with a +0 giant club!
* * * LOW HITPOINT WARNING * * *
You feel better.
You strike the helpless ogre from behind!
You hit the ogre.
Your tail-slap misses the ogre.
The ogre is severely wounded.
You hit the ogre but do no damage.
The ogre is severely wounded.
The ogre seems less confused.
The ogre hits you with a +0 giant club!!
You die...

.........# ##................###
.........####..<.................
.........##..........##..........
............###.#.####.........##
.......................)........
........#######..#####.........##
............#....#..............
................O#.#####........
........†.......@..# ###.....>..
..................####...##.....
................................
.................###..##........
#...>..##...#............#####..
####.#.######..#..#......# .
#.#...# #..###....###.#
#.###.###.# ##...#.....# #.#
#.##.. #...##.......


You could see an ogre.

Vanquished Creatures
  2 worker ants
  3 adders
  An ooze (D:2)
  2 worms
  5 leopard geckos
  3 orcs (D:3)
  4 giant cockroaches
  11 goblins
  7 hobgoblins
  7 jackals
  A quokka (D:3)
  A ball python (D:3)
  9 bats
  4 frilled lizards
  13 kobolds
  8 rats
81 creatures vanquished.

Notes
Turn   | Place    | Note
-------+----------+-------------------------------------------
     0 | D:1      | Revguard the Draconian Gladiator began the quest for the
                  | Orb.
     0 | D:1      | Reached XP level 1. HP: 17/17 MP: 1/1
   151 | D:1      | Reached XP level 2. HP: 15/24 MP: 2/2
   531 | D:2      | Reached XP level 3. HP: 20/30 MP: 3/3
   816 | D:2      | Reached skill level 4 in Long Blades
   841 | D:2      | Learned a level 1 spell: Confusing Touch
  1014 | D:2      | Reached XP level 4. HP: 37/37 MP: 2/4
  2112 | D:3      | Found a faded altar of an unknown god.
  2114 | D:3      | Became a worshipper of Warmaster Okawaru
  2114 | D:3      | Reached * piety under Okawaru
  2324 | D:3      | Reached skill level 1 in Spellcasting
  2387 | D:3      | Reached XP level 5. HP: 44/44 MP: 4/6
  2503 | D:3      | Learned a level 5 spell: Yara's Violent Unravelling
  2650 | D:4      | Reached skill level 1 in Hexes
  2683 | D:4      | Found Vontaez's General Store.
  2866 | D:4      | Noticed an ogre
  2885 | D:4      | Slain by an ogre

Skill      XL: |  1  2  3  4  5 |
---------------+----------------+-----
Dodging        | 3 |  3.6
Long Blades    | 4 |  4.4
Spellcasting   | 1 |  1.2
Hexes          | 1 |  1.0
Fighting       | |  2.9
Throwing       | |  1.7
Stealth        | |  0.1
Transmutations | |  0.2
Invocations    | |  0.3

Action                   |  1- 3 |  4- 6 || total
-------------------------+-------+-------++-------
Melee: Long sword        |    77 |   121 ||   198
       Tailslap          |     6 |    17 ||    23
 Cast: Confusing Touch   |     2 |    11 ||    13
  Use: Potion            |     2 |     4 ||     6
 Stab: Confused          |       |     4 ||     4
       Sleeping          |       |     1 ||     1
  Eat: Chunk             |       |     8 ||     8
Armor: Skin              |    37 |    42 ||    79
Dodge: Dodged            |    77 |   117 ||   194
       Rpst.: Long sword |    32 |    46 ||    78
